 Dungeon Crawl Stone Soup version 0.24.0-123-gd5b16e6ec5 (webtiles) character file.

Game seed: 7696127900036365376, levelgen mode: deterministic

157 BlindMind the Grave Robber (level 5, -4/37 HPs)
             Began as a Mummy Necromancer on Jan 24, 2020.
             Killed from afar by Natasha (9 damage)
             ... with a magic dart
             ... on level 2 of the Dungeon.
             The game lasted 00:19:33 (2630 turns).

BlindMind the Grave Robber (Mummy Necromancer)      Turns: 2630, Time: 00:19:34

Health: -4/37      AC:  4    Str: 11    XL:     5   Next: 15%
Magic:  1/11       EV: 12    Int: 15    God:
Gold:   63         SH:  0    Dex: 13    Spells: 7/12 levels left

rFire    x . .     SeeInvis .   b - +0 hunting sling
rCold    + . .     Gourm    .   (no shield)
rNeg     + + +     Faith    .   a - +0 robe
rPois    ∞         Spirit   .   n - +0 helmet
rElec    .         Reflect  .   (no cloak)
rCorr    .         Harm     .   j - +0 pair of gloves
MR       .....                  (no boots)
Stlth    ++........             (no amulet)
HPRegen  0.12/turn              (no ring)
MPRegen  0.12/turn              (no ring)

@: very slightly contaminated
A: no food or potions, fire vulnerability, cold resistance 1, negative energy
resistance 3, torment resistance, unbreathing
a: no special abilities


You were on level 2 of the Dungeon.
You were not hungry.

You visited 1 branch of the dungeon, and saw 2 of its levels.

You collected 63 gold pieces.

Inventory:

Hand Weapons
 b - a +0 hunting sling (weapon)
 k - a +2 hand axe of chopping
 l - a +1 dagger of draining
Missiles
 d - 50 stones (quivered)
Armour
 a - a +0 robe (worn)
 j - a +0 pair of gloves (worn)
 n - a +0 helmet (worn)
Scrolls
 e - a scroll of magic mapping {unknown}
 f - a scroll of amnesia {unknown}
 g - 3 scrolls of identify
 h - a scroll of remove curse {unknown}
 m - a scroll of teleportation {unknown}


   Skills:
 + Level 1.5 Fighting
 - Level 0.6 Axes
 - Level 1.0 Slings
 + Level 2.2 Dodging
 - Level 1.5 Stealth
 + Level 4.2 Spellcasting
 - Level 4.6 Necromancy


You had 7 spell levels left.
You knew the following spells:

 Your Spells              Type           Power        Failure   Level  Hunger
a - Pain                  Necr           ###.         2%          1    N/A
b - Animate Skeleton      Necr           N/A          2%          1    N/A
c - Vampiric Draining     Necr           ###.......   8%          3    N/A

Your spell library contained the following spells:

 Spells                   Type           Power        Failure   Level  Hunger
 Animate Dead             Necr           N/A          26%         4    N/A
 Regeneration             Chrm/Necr      Unusable     N/A         3    N/A

Dungeon Overview and Level Annotations

Branches:
Dungeon (2/15)

Altars:
Cheibriados

Annotations:
D:2 Natasha


Innate Abilities, Weirdness & Mutations

You do not eat or drink.
Your flesh is vulnerable to fire.
You are immune to poison.
Your flesh is cold resistant. (rC+)
You are immune to negative energy. (rN+++)
You are immune to unholy pain and torment.
You can survive without breathing.


Message History

Aim: Terence, wielding a +0 flail and wearing a +0 chain mail (severely wounded)
Okay, then.
Casting: Vampiric Draining (safe; 8% risk of failure)
Confirm with . or Enter, or press ? or * to list all spells.
Aiming: Pain (safe; 2% risk of failure)
Press: ? - help, Shift-Dir - straight line, f/p - Terence
Aim: Terence, wielding a +0 flail and wearing a +0 chain mail (severely wounded, chance to defeat MR: 82%) Terence writhes in agony.
You kill Terence!
You have reached level 5!
You feel agile.
The crimson imp grins evilly.
The crimson imp blinks!
The crimson imp blinks!
The shadow imp puffs mist at you.
The shadow imp disappears in a puff of smoke!
Natasha casts a spell.
Natasha stares at you and mumbles some strange words.
The magic dart hits you!
You die...

..................# #..#
....##............# #..#
....##..5...).....# #..#
....##............# #..#
....##....5.......# #.Z#
....##.....h......# #..#
######............#####..#
#...................#
#..........@.######Z#
#.#####.####........#
#.#####.# ##########
#.......# #######.# ###


You could see Natasha and a shadow imp.

Vanquished Creatures
  Terence (D:2)
  Robin (D:2)
  4 adders (D:2)
  4 oozes
  3 dart slugs
  5 leopard geckos
  7 bats
  2 giant cockroaches (D:1)
  5 goblins (D:2)
  9 hobgoblins
  2 jackals (D:2)
  8 kobolds
  A ball python (D:1)
  A frilled lizard (D:1)
  6 rats
59 creatures vanquished.

Vanquished Creatures (collateral kills)
  2 goblins (D:2)
  A jackal (D:2)
  A kobold (D:2)
4 creatures vanquished.

Grand Total: 63 creatures vanquished

Notes
Turn   | Place    | Note
-------+----------+-------------------------------------------
     0 | D:1      | BlindMind the Mummy Necromancer began the quest for the
                  | Orb.
     0 | D:1      | Reached XP level 1. HP: 13/13 MP: 4/4
   258 | D:1      | Reached XP level 2. HP: 13/19 MP: 0/5
   840 | D:1      | Reached XP level 3. HP: 25/25 MP: 5/7
  1136 | D:2      | Found a faded altar of an unknown god.
  1446 | D:1      | Learned a level 1 spell: Animate Skeleton
  1450 | D:1      | Learned a level 3 spell: Vampiric Draining
  1583 | D:2      | Noticed Robin
  1603 | D:2      | Reached skill level 1 in Fighting
  1935 | D:2      | Reached skill level 1 in Slings
  1935 | D:2      | Reached XP level 4. HP: 19/32 MP: 1/8
  2219 | D:2      | Found a snail-covered altar of Cheibriados.
  2462 | D:2      | Killed Robin
  2508 | D:2      | Noticed Terence
  2573 | D:2      | Noticed Natasha
  2621 | D:2      | Killed Terence
  2621 | D:2      | Reached XP level 5. HP: 4/37 MP: 0/11
  2630 | D:2      | Killed from afar by Natasha

Levels and vault maps discovered:
D:1:      lightli_arrival_statue_moat, layout_loops_ring, serial_forest,
          infiniplex_forest_lined_ring, infiniplex_forest_clump_long,
          infiniplex_forest_clump_tiny, infiniplex_forest_lined_1,
          infiniplex_forest_straight_2
D:2:      layout_basic, chequers_ecumenical_altar_simple, first_ration,
          cheibriados_altar_1, uniq_robin, uniq_natasha, uniq_terence

Skill      XL: |  1  2  3  4 |
---------------+-------------+-----
Spellcasting   | 3 4 |  4.2
Fighting       | 1 |  1.5
Slings         | 1 |  1.0
Dodging        | 2 |  2.2
Axes           | |  0.6
Stealth        | |  1.5
Necromancy     | |  4.6

Action                   |  1- 3 |  4- 6 || total
-------------------------+-------+-------++-------
Melee: Hunting sling     |     4 |       ||     4
       Hand axe          |    26 |    28 ||    54
       Dagger            |       |    10 ||    10
 Fire: Hunting sling     |     6 |     5 ||    11
 Cast: Pain              |    65 |    24 ||    89
       Animate Skeleton  |     4 |    13 ||    17
       Vampiric Draining |     2 |     3 ||     5
  Use: Scroll            |       |     3 ||     3
Armor: Robe              |    13 |    10 ||    23
Dodge: Dodged            |    67 |    40 ||   107
